 Dungeon Crawl Stone Soup version 0.30-a0-737-gf23d94013f (webtiles) character file.

Game seed: 16677923576507498026

4219 holysushi the Ducker (level 10, 0/66 HPs)
             Began as an Octopode Artificer on Feb 3, 2023.
             Was an Initiate of Gozag.
             Slain by a killer bee zombie (5 damage)
             ... on level 8 of the Dungeon.
             The game lasted 00:19:10 (8192 turns).

holysushi the Ducker (Octopode Artificer)           Turns: 8192, Time: 00:19:11

Health: 0/66       AC:  1    Str: 12    XL:     10   Next: 30%
Magic:  17/17      EV: 16    Int: 14    God:    Gozag
Gold:   762        SH:  6    Dex: 16    Spells: 7/19 levels left

rFire   . . .      SeeInvis +    o - +4 short sword (venom)
rCold   . . .      Faith    .    m - +1 buckler
rNeg    . . .      Spirit   .    (helmet restricted)
rPois   .          Reflect  .    (no amulet)
rElec   .          Harm     .    x - +4 ring of slaying
rCorr   .          Rampage  .    t - ring of see invisible
Will    .....                    (no ring)
Stlth   +++++                    (no ring)
HPRegen 0.31/turn                (no ring)
MPRegen 0.15/turn                (no ring)
                                 (no ring)
                                 (no ring)

@: gold aura, hasted, very quick
A: almost no armour, amphibious, 8 rings, camouflage 1, gelatinous body 1,
(nimble swimmer 1), tentacles
a: Renounce Religion, Potion Petition, Call Merchant, Bribe Branch


You were on level 8 of the Dungeon.
You worshipped Gozag.
Gozag was pleased with you.
You visited 2 branches of the dungeon, and saw 9 of its levels.
You also visited: Sewer.

You collected 814 gold pieces.
You paid 52 gold pieces to Gozag.

Inventory:

Hand Weapons
 a - a +0 spear
 o - a +4 short sword of venom (weapon)
 B - the +4 mace of the Girdle {flame, rF+}
   (You found it on level 4 of the Dungeon)

   rF:        It protects you from fire.
Missiles
 l - 3 atropa-tipped darts
Armour
 m - a +1 buckler (worn)
Magical Staves
 y - a staff of death
Jewellery
 q - an amulet of faith
 t - a ring of see invisible (right tentacle)
 x - a +4 ring of slaying (left tentacle)
 E - a ring of protection from fire
 I - a ring of resist corrosion
Wands
 b - a wand of flame (1) (quivered)
 c - a wand of charming (1)
 d - a wand of iceblast (2)
 C - a wand of polymorph (3)
Scrolls
 p - 2 scrolls of teleportation
 s - a scroll of vulnerability
 z - 2 scrolls of immolation
 A - a scroll of fog
 D - a scroll of amnesia
 F - a scroll of silence
 G - a scroll of noise {unknown}
 H - 3 scrolls of identify
Potions
 e - 3 potions of mutation
 f - 5 potions of brilliance
 g - a potion of lignification
 h - 2 potions of attraction
 i - a potion of cancellation {unknown}
 j - 2 potions of haste
 k - a potion of resistance {unknown}
 n - 4 potions of might {unknown}
 r - a potion of magic {unknown}
 v - 4 potions of heal wounds {unknown}
 w - 3 potions of invisibility {unknown}


   Skills:
 - Level 5.0 Fighting
 * Level 7.8 Dodging
 - Level 7.0 Stealth
 - Level 3.0 Shields
 + Level 5.1 Spellcasting
 - Level 2.0 Conjurations
 - Level 1.0 Transmutations
 + Level 0.9 Fire Magic
 - Level 3.0 Air Magic
 + Level 7.8 Poison Magic
 - Level 4.0 Evocations


You had 7 spell levels left.
You knew the following spells:

 Your Spells              Type           Power      Damage    Failure   Level
a - Poisonous Vapours     Pois/Air       36%        N/A       3%          2
b - Mephitic Cloud        Conj/Pois/Air  15%        N/A       12%         3
c - Ignite Poison         Fire/Tmut/Pois 12%        N/A       19%         3
d - Olgreb's Toxic Radia  Pois           25%        N/A       9%          4

Your spell library contained the following spells:

 Spells                   Type           Power      Damage    Failure   Level
 Sting                    Tmut/Pois      60%        1d6       3%          1
 Cigotuvi's Dreadful Rot  Necr/Pois/Air  26%        N/A       8%          2
 Spider Form              Tmut/Pois      15%        N/A       11%         3
 Apportation              Tloc           6%         N/A       22%         1
 Necrotise                Necr           12%        1d4       22%         1
 Slow                     Hex            12%        N/A       22%         1
 Summon Small Mammal      Summ           12%        N/A       22%         1
 Ensorcelled Hibernation  Hex/Ice        6%         N/A       34%         2
 Kindle Blastsparks       Fire/Tloc/Air  14%        2d11      36%         3
 Dazzling Flash           Conj/Hex       12%        N/A       41%         3
 Confusing Touch          Hex            3%         N/A       56%         3
 Vampiric Draining        Necr           3%         2d6       56%         3
 Iskenderun's Mystic Bla  Conj/Tloc      6%         2d4       83%         4
 Anguish                  Hex/Necr       1%         N/A       92%         4
 Freezing Cloud           Conj/Ice/Air   4%         6-21      97%         5
 Starburst                Conj/Fire      3%         6d3       100%        6


Dungeon Overview and Level Annotations

Branches:
Dungeon (8/15) Zot: 26935  Temple (1/1) D:4 Zot: 5943   Sewer (visited)
   Lair: D:8-11

Altars:
Ashenzari
Elyvilon
Fedhas
Gozag
Hepliaklqana
Makhleb
Nemelex Xobeh
Okawaru
Qazlal
Sif Muna
Trog
Yredelemnul

Shops:
D:4 [

Annotations:
D:5 1 runed translucent door, Crazy Yiuf


Innate Abilities, Weirdness & Mutations

You cannot wear most types of armour.
You are amphibious.
You can wear up to eight rings at the same time.
Your skin changes colour to match your surroundings (Stealth+).
Your rubbery body absorbs attacks. (AC +1, EV +1)
((You are camouflaged when in or above water. (Stealth+)))
You have tentacles for arms and can constrict up to eight enemies at once.


Message History

The mass of ice explodes!
The iceblast engulfs Erica!!
You kill Erica!
* * * LOW HITPOINT WARNING * * *
You feel very sick.
A centaur zombie comes into view.
A killer bee zombie comes into view.
Training target 3.0 for Air Magic reached!
Training target 1.0 for Transmutations reached!
Training target 3.0 for Shields reached!
Your Shields skill increases to level 3!
Your Transmutations skill increases to level 1!
Your Air Magic skill increases to level 3!
* * * LOW HITPOINT WARNING * * *
You feel sick.
The centaur zombie is distracted by your dazzling golden aura.
* * * LOW HITPOINT WARNING * * *
You feel sick.
The centaur zombie is no longer distracted by gold.
* * * LOW HITPOINT WARNING * * *
You feel sick.
* * * LOW HITPOINT WARNING * * *
You feel sick.
The killer bee zombie attacks as you move away!
The killer bee zombie closely misses you.
* * * LOW HITPOINT WARNING * * *
You feel sick.
You block the killer bee zombie's attack.
Okay, then.
You feel better. The killer bee zombie misses you.
You feel yourself speed up.
The killer bee zombie closely misses you.
The killer bee zombie hits you.
* * * LOW HITPOINT WARNING * * *
The killer bee zombie barely misses you.
The killer bee zombie hits you.
* * * LOW HITPOINT WARNING * * *
The killer bee zombie completely misses you.
The killer bee zombie attacks as you move away!
The killer bee zombie hits you.
You die...
Your body crumbles into a pile of gold.

.....Z....##.#
..........+..#
..........##.#
..........##.#
..........##.#
......$..Z##.#
##########...#
#_# #Z#Z#
.!.8# #.Z@#
....###.#.#
....>#..#.#
....#####.#
...8## #.# #_#
####.#
######....#
#.....###.#
#########.#


You could see a wyvern zombie and 2 killer bee zombies.

Vanquished Creatures
  Erica (D:8)
  Pikel (D:7)
  Prince Ribbit (D:7)
  A hornet (D:7)
  Sigmund (D:5)
  A steam dragon (D:7)
  A water moccasin (D:6)
  An ice beast (D:6)
  2 sky beasts
  A black bear (D:5)
  An ogre (D:6)
  2 lemures
  3 phantoms
  3 kobold brigands
  A necrophage (D:7)
  6 wights
  A scorpion (D:4)
  3 killer bees (D:7)
  An electric eel (D:6)
  3 hounds
  3 jellies
  4 orc priests
  2 iguanas
  Jessica (D:3)
  6 orc wizards
  4 gnolls (D:4)
  6 adders
  A shadow imp (D:6)
  A white imp (D:3)
  2 worms (D:4)
  23 orcs
  7 endoplasms
  8 giant cockroaches
  6 goblins
  4 hobgoblins
  A jackal (D:1)
  3 quokkas
  8 ball pythons
  11 bats
  5 frilled lizards
  17 kobolds
  7 rats
165 creatures vanquished.

Vanquished Creatures (collateral kills)
  An orc warrior (D:7)
  2 wights (D:7)
  A killer bee (D:7)
4 creatures vanquished.

Vanquished Creatures (others)
  A water moccasin (D:7)
  2 wights
  A killer bee (D:7)
  An orc (D:6)
  11 plants
16 creatures vanquished.

Grand Total: 185 creatures vanquished

Notes
Turn   | Place    | Note
-------+----------+-------------------------------------------
     0 | D:1      | holysushi the Octopode Artificer began the quest for the
                  | Orb.
     0 | D:1      | Reached XP level 1. HP: 13/13 MP: 1/1
   219 | D:1      | Reached XP level 2. HP: 14/18 MP: 2/2
   823 | D:1      | Reached XP level 3. HP: 24/24 MP: 3/3
  1016 | D:2      | Learned a level 2 spell: Poisonous Vapours
  1025 | D:2      | Found a sparkling altar of Nemelex Xobeh.
  1302 | D:2      | Reached skill level 1 in Poison Magic
  1696 | D:3      | Noticed Jessica
  1700 | D:3      | Killed Jessica
  1701 | D:3      | Reached skill level 1 in Spellcasting
  1701 | D:3      | Reached skill level 1 in Air Magic
  1701 | D:3      | Reached XP level 4. HP: 18/29 MP: 5/5
  1786 | D:3      | Learned a level 3 spell: Mephitic Cloud
  1799 | D:3      | Found a burning altar of Makhleb.
  1851 | D:3      | Reached XP level 5. HP: 13/34 MP: 6/6
  2189 | D:3      | Found a bloodstained altar of Trog.
  2287 | D:3      | Found an iron altar of Okawaru.
  2470 | D:3      | Found a blossoming altar of Fedhas.
  2602 | D:4      | Reached skill level 1 in Conjurations
  2718 | D:4      | Found a glowing drain.
  2773 | D:4      | Reached XP level 6. HP: 35/39 MP: 2/7
  2789 | D:4      | Reached skill level 5 in Poison Magic
  2795 | D:4      | Learned a level 3 spell: Ignite Poison
  2796 | Sewer    | Entered a sewer
  3159 | Sewer    | Reached XP level 7. HP: 17/45 MP: 10/12
  3373 | D:4      | Found a staircase to the Ecumenical Temple.
  3389 | Temple   | Entered the Ecumenical Temple
  3399 | Temple   | Became a worshipper of Gozag Ym Sagoz the Greedy
  3562 | D:4      | Identified the +4 mace of the Girdle {flame, rF+}
  3606 | D:4      | Found a stormy altar of Qazlal.
  3797 | D:4      | Found Ujippyug's Antique Armour Shoppe.
  3938 | D:5      | Entered Level 5 of the Dungeon
  3948 | D:5      | Learned a level 4 spell: Olgreb's Toxic Radiance
  3950 | D:5      | Noticed Sigmund
  3953 | D:5      | Killed Sigmund
  4373 | D:5      | Found a runed translucent door.
  4374 | D:5      | Noticed Crazy Yiuf
  4423 | D:5      | Reached skill level 5 in Spellcasting
  4423 | D:5      | Reached XP level 8. HP: 46/50 MP: 15/15
  5416 | D:6      | Reached skill level 5 in Dodging
  5635 | D:6      | Reached skill level 5 in Stealth
  5984 | D:6      | Reached XP level 9. HP: 49/56 MP: 16/16
  7087 | D:7      | Noticed Prince Ribbit
  7097 | D:7      | Killed Prince Ribbit
  7098 | D:7      | Reached skill level 1 in Shields
  7495 | D:7      | Noticed Pikel
  7524 | D:7      | Killed Pikel
  7526 | D:7      | Noticed a hornet
  7554 | D:7      | Reached skill level 5 in Fighting
  7554 | D:7      | Reached XP level 10. HP: 66/66 MP: 9/17
  8170 | D:8      | Found a shimmering blue altar of Sif Muna.
  8172 | D:8      | Found a basalt altar of Yredelemnul.
  8176 | D:8      | Noticed Erica
  8183 | D:8      | Killed Erica
  8184 | D:8      | Reached skill level 1 in Transmutations
  8188 | D:8      | HP: 3/66 [poisoned by Erica (bolt of poison)]
  8192 | D:8      | Slain by a killer bee zombie

Illustrated notes

Levels and vault maps discovered:
D:1:      sevenhm_arrival_forest_fort_large_4, layout_basic, minmay_pentomino_o4
D:2:      layout_basic, serial_forest, infiniplex_forest_lined_2,
          infiniplex_forest_lined_2, infiniplex_forest_end_2,
          infiniplex_forest_clump_C, infiniplex_forest_lined_corner,
          infiniplex_forest_lined_3, infiniplex_forest_clump_cross,
          infiniplex_forest_lined_3, basic_altar, minmay_misc_feat_secret_circle
D:3:      layout_basic, mainiacjoe_overflow_alcove_4,
          lemuel_coloured_pillars_altar, mainiacjoe_overflow_surrounded_room,
          mainiacjoe_overflow_paths, uniq_jessica
D:4:      layout_loops_ring, mainiacjoe_overflow_chevrons,
          minmay_temple_entry_drinking_statues, serial_shops, shop_fountains,
          cheibrodos_sewer_entry_sluice
D:5:      layout_basic, uniq_crazy_yiuf_cottage, uniq_sigmund
D:6:      layout_cave_pools, kennysheep_cross_room,
          hangedman_abyss_or_decor_jellyfish_corner, minmay_misc_feat_nine_boxes
D:7:      layout_loops_ring, minmay_liquid_box, uniq_pikel, uniq_prince_ribbit1
D:8:      layout_basic, nicolae_overflow_hidden_temple, serial_undead,
          serial_undead_d, serial_undead_b, serial_undead_f, serial_undead_e,
          serial_undead_d, uniq_erica, uniq_maggie, uniq_grum
Temple:   nicolae_temple_colour_theory

Skill      XL: |  1  2  3  4  5  6  7  8  9 10 |
---------------+-------------------------------+-----
Evocations     | 4 |  4.0
Fighting       | 2 3 5 |  5.0
Poison Magic   | 2 3 4 5 6 7 |  7.8
Spellcasting   | 1 3 5 |  5.1
Air Magic      | 1 2 3 |  3.0
Conjurations   | 1 2 |  2.0
Dodging        | 5 7 |  7.8
Stealth        | 5 7 |  7.0
Shields        | 2 3 |  3.0
Transmutations | 1 |  1.0
Fire Magic     | |  0.9

Action                     |  1- 3 |  4- 6 |  7- 9 | 10-12 || total
---------------------------+-------+-------+-------+-------++-------
  Melee: Club              |    40 |       |       |       ||    40
         Tentacles         |    15 |    22 |    37 |     4 ||    78
         Constrict         |    19 |    19 |    39 |     5 ||    82
         Punch             |     2 |       |     8 |       ||    10
         Spear             |    44 |    16 |       |       ||    60
         Staff             |       |    73 |       |       ||    73
         Short sword       |       |       |   169 |    13 ||   182
   Cast: Poisonous Vapours |       |     6 |     9 |     1 ||    16
         Mephitic Cloud    |       |     1 |     1 |     2 ||     4
         Ignite Poison     |       |     1 |       |     2 ||     3
  Evoke: Wand              |       |     1 |    32 |     1 ||    34
    Use: Scroll            |       |    10 |     6 |       ||    16
         Potion            |       |     1 |     4 |     2 ||     7
   Stab: Sleeping          |    13 |     4 |     9 |     1 ||    27
         Distracted        |       |     1 |       |       ||     1
 Armour: Skin              |     7 |     7 |     8 |       ||    22
  Dodge: Dodged            |    50 |    50 |   103 |    14 ||   217
  Block: Buckler           |       |       |    16 |     1 ||    17

Table legend: (Time is in decaauts)
 A = Elapsed time spent in this place.
 B = Non-inter-level travel time spent in this place.
 C = Inter-level travel time spent in this place.
 D = Time resting spent in this place.
 E = Time spent auto-exploring this place.
 F = Levels seen in this place.
 G = Mean time per level.
                   A        B        C        D        E       F      G
               +--------+--------+--------+--------+--------+-----+--------+
         Total |   8214 |   7989 |    225 |   1276 |   4739 |  10 |  821.4 |
       Dungeon |   7626 |   7401 |    225 |   1027 |   4564 |   8 |  953.2 |
        Temple |     56 |     56 |      0 |     37 |      0 |   1 |   56.0 |
         Sewer |    531 |    531 |      0 |    212 |    175 |   1 |  531.0 |
               +--------+--------+--------+--------+--------+-----+--------+

Top non-repeatable levels by time:
     D:6: 1545 daAuts
     D:7: 1507 daAuts
     D:5: 1127 daAuts
     D:1: 972 daAuts
     D:4: 836 daAuts
     D:2: 822 daAuts
     D:3: 750 daAuts
   Sewer: 531 daAuts
     D:8: 64 daAuts
  Temple: 56 daAuts
